 Dungeon Crawl Stone Soup version 0.25.1-8-g42b30a86e7 (webtiles) character file.

Game seed: 15604790514952834780

70 Kaiern the Skirmisher (level 4, 35/35 HPs)
             Began as a Demonspawn Gladiator on Dec 26, 2020.
             Was an Initiate of Dithmenos.
             Quit the game on level 2 of the Dungeon.
             The game lasted 00:10:26 (2203 turns).

Kaiern the Skirmisher (Demonspawn Gladiator)        Turns: 2203, Time: 00:10:27

Health: 35/35      AC:  7    Str: 15    XL:     4   Next: 3%
Magic:  4/4        EV: 11    Int: 10    God:    Dithmenos [......]
Gold:   98         SH:  0    Dex: 14    Spells: 3/3 levels left

rFire    . . .     SeeInvis .   a - +0 war axe
rCold    . . .     Gourm    .   (no shield)
rNeg     . . .     Faith    .   m - +0 ring mail (curse)
rPois    .         Spirit   .   c - +0 helmet
rElec    .         Reflect  .   (no cloak)
rCorr    .         Harm     .   (no gloves)
MR       .....                  i - +0 pair of boots (curse)
Stlth    +.........             (no amulet)
HPRegen  0.11/turn              (no ring)
MPRegen  0.09/turn              (no ring)

@: no status effects
A: hooves 1, demonic guardian 1
a: Renounce Religion


You were on level 2 of the Dungeon.
You worshipped Dithmenos.
Dithmenos was noncommittal.
You were not hungry.

You visited 1 branch of the dungeon, and saw 2 of its levels.

You collected 98 gold pieces.

Inventory:

Hand Weapons
 a - a +0 war axe (weapon)
Missiles
 d - 3 throwing nets
 e - 6 poisoned darts (quivered)
Armour
 c - a +0 helmet (worn)
 i - a cursed +0 pair of boots (worn)
 m - a cursed +0 ring mail (worn)
Scrolls
 b - a scroll of identify {unknown}
 h - a scroll of immolation {unknown}
 j - a scroll of teleportation {unknown}
 k - a scroll of blinking {unknown}
 l - a scroll of remove curse {unknown}
 q - a scroll of noise {unknown}
Potions
 g - a potion of flight {unknown}
 n - a potion of haste {unknown}
 p - a potion of stabbing {unknown}
 r - a potion of might {unknown}
Comestibles
 f - 2 rations


   Skills:
 + Level 3.0 Fighting
 - Level 2.6 Axes
 + Level 2.6 Throwing
 + Level 1.7 Armour
 - Level 2.6 Dodging


You had 3 spell levels left.
You didn't know any spells.
Your spell library was empty.

Dungeon Overview and Level Annotations

Branches:
Dungeon (2/15)

Altars:
Dithmenos
Sif Muna
The Shining One


Innate Abilities, Weirdness & Mutations

You have large cloven feet.
A weak demonic guardian rushes to your aid.


Message History

You hit the frilled lizard.
The frilled lizard is heavily wounded.
The frilled lizard barely misses you. x2
You miss the frilled lizard.
The frilled lizard is heavily wounded.
The frilled lizard bites you but does no damage.
You hit the frilled lizard.
You kill the frilled lizard!
Dithmenos accepts your kill.
You see here a frilled lizard corpse.
You butcher the frilled lizard corpse.
o - a chunk of flesh You see here a frilled lizard skeleton.
You start waiting.
Eating a chunk of flesh.
You eat the chunk of flesh.
This raw flesh tastes terrible.
Done waiting.
Done exploring.
Done exploring.
Search for what [Enter for "."]? .
Are you sure you want to abandon this character and quit the game? (Confirm with "yes".)

#...#..#÷#.......#####
### #...##.#.#####.###
#...##.#....##.#
#...##.#.##....#
#...##.#.#########
#...##.###...÷...#
####### #.(.#..#
#.#####.###......
#...######.#
#...#.#####
#...#....@.#
###.#.#....
#...########
#...#....#. #...#
#.########. ##'##
#.......... #_#
########>#< ### #.##
#... ###. #.


There were no monsters in sight!

Vanquished Creatures
  3 gnolls (D:2)
  An adder (D:2)
  3 dart slugs
  A leopard gecko (D:1)
  4 bats
  A goblin (D:1)
  3 hobgoblins (D:1)
  5 jackals
  2 frilled lizards
  3 kobolds
  A rat (D:1)
27 creatures vanquished.

Vanquished Creatures (others)
  7 toadstools (D:1)
7 creatures vanquished.

Grand Total: 34 creatures vanquished

Notes
Turn   | Place    | Note
-------+----------+-------------------------------------------
     0 | D:1      | Kaiern the Demonspawn Gladiator began the quest for the
                  | Orb.
     0 | D:1      | Reached XP level 1. HP: 16/16 MP: 1/1
   556 | D:1      | Gained mutation: A weak demonic guardian rushes to your
                  | aid. [demonic ancestry]
   556 | D:1      | Reached XP level 2. HP: 22/22 MP: 2/2
   656 | D:1      | Reached skill level 1 in Armour
  1063 | D:2      | Reached XP level 3. HP: 22/28 MP: 3/3
  1452 | D:2      | Found a shimmering blue altar of Sif Muna.
  1538 | D:2      | Found a shadowy altar of Dithmenos.
  1550 | D:2      | Became a worshipper of Dithmenos the Shadowed
  1653 | D:2      | Reached skill level 3 in Fighting
  1942 | D:2      | Gained mutation: You have large cloven feet. [demonic
                  | ancestry]
  1942 | D:2      | Reached XP level 4. HP: 31/35 MP: 4/4
  2024 | D:2      | Found a glowing golden altar of the Shining One.
  2203 | D:2      | Quit the game

Illustrated notes

Levels and vault maps discovered:
D:1:      nagdon_arrival_double_spiral, layout_basic, serial_bayou_crossing
D:2:      layout_basic, nicolae_tso_carved_into_rock, lemuel_blue_sif_altar,
          nicolae_dithmenos_through_a_glass_darkly

Skill      XL: |  1  2  3 |
---------------+----------+-----
Throwing       | 2 |  2.6
Armour         | 1 |  1.7
Fighting       | 3 |  3.0
Axes           | |  2.6
Dodging        | |  2.6

Action                   |  1- 3 |  4- 6 || total
-------------------------+-------+-------++-------
Melee: War axe           |    70 |     3 ||    73
Throw: Dart              |    23 |       ||    23
  Eat: Chunk             |     3 |     1 ||     4
Armor: Leather armour    |     5 |       ||     5
       Ring mail         |    29 |     2 ||    31
Dodge: Dodged            |    47 |     2 ||    49
